 Dungeon Crawl Stone Soup version 0.30-a0-989-g0d87f670db (webtiles) character file.

Game seed: 10692818251901097563

8984 cheesebisquit the Grappler (level 11, -5/105 HPs)
             Began as a Troll Fighter on Apr 3, 2023.
             Was a Priest of Wu Jian.
             Killed by divine providence
             ... invoked by an orc priest
              (13 damage)
             ... on level 9 of the Dungeon.
             The game lasted 00:29:44 (7366 turns).

cheesebisquit the Grappler (Troll Fighter)          Turns: 7366, Time: 00:29:44

Health: -5/105     AC: 10    Str: 28    XL:     11   Next: 17%
Magic:  10/10      EV:  8    Int:  6    God:    Wu Jian [***...]
Gold:   575        SH:  0    Dex:  9    Spells: 10/10 levels left

rFire   . . .      SeeInvis .      - Unarmed
rCold   . . .      Faith    .    b - +0 kite shield
rNeg    . . .      Spirit   .    a - +0 robe
rPois   .          Reflect  +    (helmet restricted)
rElec   .          Rampage  .    v - +1 cloak
rCorr   .                        (gloves unavailable)
Will    .....                    (boots unavailable)
Stlth   +                        z - amulet of reflection
HPRegen 1.17/turn                f - +4 ring of protection
MPRegen 0.12/turn                (no ring)

@: confused, mighty, slowed, very slow
A: large, unfitting armour, claws 3, regeneration 1, shaggy fur 1, tough skin 1
a: Renounce Religion, Wall Jump, Serpent's Lash


You were on level 9 of the Dungeon.
You worshipped Wu Jian.
Wu Jian was most pleased with you.
You visited 2 branches of the dungeon, and saw 10 of its levels.
You also visited: Bailey.

You collected 575 gold pieces.

Inventory:

Hand Weapons
 g - a +7 arbalest of flaming
 p - the +8 demon trident "Rift" {distort, reach+}
   (You found it on level 5 of the Dungeon)
 B - a +5 morningstar of freezing
 H - a +2 bardiche of pain
Missiles
 A - 2 silver boomerangs
 G - 6 boomerangs (quivered)
 L - 6 throwing nets
Armour
 a - a +0 robe (worn)
 b - a +0 kite shield (worn)
 v - a +1 cloak (worn)
Jewellery
 f - a +4 ring of protection (left claw)
 z - an amulet of reflection (around neck)
 I - an amulet of magic regeneration
Wands
 D - a wand of charming (12)
 E - a wand of flame (11)
 J - a wand of digging (1)
 K - a wand of polymorph (7)
Scrolls
 d - 2 scrolls of poison
 e - 3 scrolls of blinking
 j - 3 scrolls of teleportation
 k - a scroll of brand weapon {unknown}
 l - a scroll of fear
 n - a scroll of vulnerability {unknown}
 q - a scroll of magic mapping
 u - a scroll of noise {unknown}
 y - 5 scrolls of enchant weapon
 F - a scroll of immolation {unknown}
Potions
 c - 2 potions of might
 h - 2 potions of magic {unknown}
 m - a potion of cancellation {unknown}
 r - 2 potions of degeneration {unknown}
 t - 2 potions of invisibility {unknown}
 w - 3 potions of lignification
 x - 3 potions of mutation {unknown}
 C - a potion of flight {unknown}


   Skills:
 + Level 6.2 Fighting
 - Level 4.5 Throwing
 - Level 2.4 Dodging
 + Level 6.8 Shields
 * Level 13.6 Unarmed Combat


You had 10 spell levels left.
You didn't know any spells.
Your spell library contained the following spells:

 Spells                   Type           Power      Damage    Failure   Level
 Magic Dart               Conj           0%         1d3       71%         1
 Sandblast                Erth           0%         2d4       71%         1
 Sting                    Tmut/Pois      0%         1d3       71%         1
 Call Imp                 Summ           0%         N/A       83%         2
 Ensorcelled Hibernation  Hex/Ice        0%         N/A       83%         2
 Passwall                 Tmut/Erth      0%         N/A       83%         2
 Poisonous Vapours        Pois/Air       0%         N/A       83%         2
 Mephitic Cloud           Conj/Pois/Air  0%         N/A       97%         3
 Spider Form              Tmut/Pois      0%         N/A       97%         3
 Stone Arrow              Conj/Erth      0%         3d7       97%         3
 Anguish                  Hex/Necr       0%         N/A       100%        4
 Olgreb's Toxic Radiance  Pois           0%         N/A       100%        4
 Ozocubu's Refrigeration  Ice            0%         4d7       100%        7
 Ignition                 Fire           0%         3d3       100%        8


Dungeon Overview and Level Annotations

Branches:
Dungeon (9/15)             Temple (1/1) D:6            Lair (0/5) D:8
 Bailey (visited)
    Orc: D:9-12

Altars:
Ashenzari
Cheibriados
Dithmenos
Elyvilon
Fedhas
Gozag
Hepliaklqana
Kikubaaqudgha
Makhleb
Nemelex Xobeh
Okawaru
Qazlal
Ru
Sif Muna
Uskayaw
Vehumet
Wu Jian
Xom
Yredelemnul
Zin
The Shining One

Shops:
D:8 (


Innate Abilities, Weirdness & Mutations

You are too large for most types of armour.
You have claws for hands.
Your natural rate of healing is unusually fast.
You are covered in fur. (AC +1)
You have tough skin. (AC +1)


Message History

The arrow hits you.
* * * LOW HITPOINT WARNING * * *
You closely miss the orc wizard.
The orc wizard is moderately wounded.
The orc hits you but does no damage. The wraith completely misses you.
The orc wizard hits you but does no damage.
The centaur shoots an arrow.
The arrow hits you!
* * * LOW HITPOINT WARNING * * *
The orc barely misses you.
The orc wizard hits you but does no damage.
The wraith closely misses you.
You miss the wraith.
The wraith is heavily damaged.
The centaur shoots an arrow.
The arrow barely misses you. The orc closely misses you. The wraith hits you!
* * * LOW HITPOINT WARNING * * *
The wraith drains your vigour!
You feel as though you will be slow longer.
The orc wizard points at you and mumbles some strange words.
The puff of flame hits you.
* * * LOW HITPOINT WARNING * * *
You bump into the tree.
You feel less invigorated.
You feel less confused.
The centaur unwields a +0 shortbow.
You block the centaur's attack.
The centaur kicks you but does no damage.
You block the orc's attack. The wraith hits you!
* * * LOW HITPOINT WARNING * * *
The orc wizard gestures at you while chanting.
You are confused.
The centaur barely misses you. x2
You bump into the tree.
The centaur hits you but does no damage.
The centaur kicks you but does no damage.
The orc barely misses you. The wraith hits you!
* * * LOW HITPOINT WARNING * * *
The wraith drains your vigour!
You feel as though you will be slow longer.
The orc priest invokes the aid of Beogh against you.
Beogh smites you!
You die...

.. ...♣ .'#####'..♣
#.....#..♣ P #.....#..♣♣# ~
#.....#.... ♣ #.....#..♣ ♣.
#...oy#o.♣ ♣..+#####Ko@♣
♣.........Wc♣ ♣..........D♣
♣♣♣♣♣♣.♣♣♣♣♣♣ ♣.♣ #### ##.##
#### ...# ♣♣...♣♣ ###..##
...#♣♣ ♣♣.♣.♣.♣♣ ♣♣#.....##
...#.♣♣♣.♣♣.♣♣.♣♣♣.#.###..##


You could see a wraith, a steam dragon, a kobold brigand, a centaur, a killer
bee, an orc priest, an orc wizard and an orc.

Vanquished Creatures
  A centaur warrior (D:9)
  A tengu warrior (D:9)
  An orc knight (Bailey)
  A troll (D:9)
  2 hornets (D:9)
  8 yaks
  Grum (D:9)
  4 water moccasins
  12 orc warriors
  2 sky beasts (D:7)
  2 black bears (D:6)
  2 wolves (D:9)
  4 centaurs (D:9)
  2 phantoms
  6 bullfrogs
  6 gnoll sergeants
  4 scorpions
  8 wights
  7 howler monkeys
  A jelly (D:5)
  6 gnoll boudas
  10 hounds
  2 orc priests
  4 iguanas
  3 orc wizards
  39 gnolls
  8 adders
  2 white imps (D:6)
  2 ufetubi
  2 worms
  2 dart slugs
  33 orcs
  4 endoplasms
  2 giant cockroaches
  6 goblins
  5 hobgoblins
  6 jackals (D:8)
  8 kobolds
  6 ball pythons
  4 bats
  2 frilled lizards
  2 rats
233 creatures vanquished.

Vanquished Creatures (others)
  3 plants (D:9)
3 creatures vanquished.

Grand Total: 236 creatures vanquished

Notes
Turn   | Place    | Note
-------+----------+-------------------------------------------
     0 | D:1      | cheesebisquit the Troll Fighter began the quest for the
                  | Orb.
     0 | D:1      | Reached XP level 1. HP: 22/22 MP: 0/0
    44 | D:1      | Found a faded altar of an unknown god.
   126 | D:1      | Reached XP level 2. HP: 29/29 MP: 1/1
   249 | D:1      | Reached skill level 3 in Unarmed Combat
   641 | D:2      | Reached XP level 3. HP: 36/36 MP: 2/2
  1420 | D:3      | Reached skill level 4 in Unarmed Combat
  1433 | D:3      | Identified the +0 leather armour of Impressiveness {Will-
                  | rCorr Str+8 Int-4 Dex+5}
  1852 | D:4      | Noticed a scorpion
  1893 | D:4      | Reached XP level 4. HP: 44/44 MP: 3/3
  1940 | D:4      | Killed a scorpion
  1941 | D:4      | Reached skill level 5 in Unarmed Combat
  1947 | D:4      | Reached XP level 5. HP: 50/50 MP: 4/4
  1972 | D:4      | Noticed a phantom
  1987 | D:4      | Reached skill level 6 in Unarmed Combat
  1988 | D:4      | Killed a phantom
  1989 | D:4      | Reached XP level 6. HP: 47/59 MP: 5/5
  2125 | D:4      | Noticed a water moccasin
  2143 | D:4      | Killed a water moccasin
  2144 | D:4      | Reached skill level 7 in Unarmed Combat
  2618 | D:5      | Entered Level 5 of the Dungeon
  2771 | D:5      | Reached XP level 7. HP: 63/66 MP: 6/6
  2787 | D:5      | Found the +8 demon trident "Rift" {distort, reach+}
  2888 | D:5      | Reached skill level 8 in Unarmed Combat
  3357 | D:5      | Reached skill level 1 in Throwing
  3850 | D:6      | Reached XP level 8. HP: 60/74 MP: 7/7
  3862 | D:6      | Reached skill level 9 in Unarmed Combat
  4287 | D:6      | Found a staircase to the Ecumenical Temple.
  4293 | Temple   | Entered the Ecumenical Temple
  4604 | Temple   | Became a worshipper of the Wu Jian Council
  4817 | D:7      | Reached skill level 10 in Unarmed Combat
  4901 | D:7      | Reached XP level 9. HP: 69/81 MP: 8/8
  5395 | D:8      | Found a staircase to the Lair.
  5452 | D:8      | Reached * piety under Wu Jian
  5453 | D:8      | Reached skill level 11 in Unarmed Combat
  5499 | D:8      | Found a flagged portal.
  5537 | Bailey   | Entered a bailey
  5741 | Bailey   | Reached skill level 5 in Shields
  5766 | Bailey   | Noticed an orc knight
  5790 | Bailey   | Reached XP level 10. HP: 72/94 MP: 9/9
  5804 | Bailey   | HP: 4/94 [orc knight/+0 halberd (23)]
  5863 | Bailey   | Killed an orc knight
  5864 | Bailey   | Reached skill level 12 in Unarmed Combat
  6105 | D:8      | Reached ** piety under Wu Jian
  6106 | D:8      | Reached skill level 5 in Fighting
  6155 | D:8      | Found Pixzerac's Antique Weapon Emporium.
  6220 | D:8      | Found a hazy altar of Hepliaklqana.
  6750 | D:8      | Reached *** piety under Wu Jian
  7159 | D:9      | Noticed Grum
  7167 | D:9      | Killed Grum
  7272 | D:9      | Noticed a centaur warrior
  7272 | D:9      | Noticed a tengu warrior
  7281 | D:9      | Reached skill level 13 in Unarmed Combat
  7291 | D:9      | Killed a centaur warrior
  7322 | D:9      | Reached XP level 11. HP: 82/105 MP: 10/10
  7326 | D:9      | Killed a tengu warrior
  7356 | D:9      | HP: 5/105 [centaur/arrow (6)]
  7357 | D:9      | HP: 2/105 [centaur/arrow (7)]
  7366 | D:9      | Killed from afar by an orc priest

Illustrated notes

Levels and vault maps discovered:
D:1:      minmay_arrival_up_and_down, layout_rooms, serial_aquarium,
          aquarium_bridge_straight [aquarium_subvault_bridge,
          aquarium_subvault_wall, aquarium_subvault_bridge,
          aquarium_subvault_balcony], aquarium_window_1, aquarium_window_1,
          aquarium_window_3, aquarium_window_corner, aquarium_view_2b,
          aquarium_view_2b, aquarium_balcony_double_3, aquarium_pool_2,
          hellmonk_ecumenical_altar_heavens_door, minmay_misc_feat_square
D:2:      layout_basic, minmay_misc_feat_tiny
D:3:      layout_loops_ring
D:4:      layout_cave_pools, nicolae_hexahallways
D:5:      layout_loops_ring
D:6:      layout_rooms, minmay_temple_entry_fiery
D:7:      layout_rooms, minmay_misc_feat_tower
D:8:      layout_cave_pools, worldfamousw_hep_ancestral_shrine,
          lair_entry_dummy, enter_bailey_4, serial_gnoll_camp,
          gnoll_camp_mini_house, gnoll_camp_medium_02, gnoll_camp_mini_basic,
          gnoll_camp_mini_basic, gnoll_camp_huts_basic, gnoll_camp_mini_shop,
          kennysheep_nondescript
D:9:      nzn_winding_woodlands_cross [nzn_winding_woodlands_5x15_garden,
          nzn_winding_woodlands_5x15_parted,
          nzn_winding_woodlands_5x15_sawtooth,
          nzn_winding_woodlands_5x15_crooked,
          nzn_winding_woodlands_15x15_killbox], layout_rooms, uniq_grum
Temple:   mainiacjoe_temple_cubbyholes

Skill      XL: |  1  2  3  4  5  6  7  8  9 10 |
---------------+-------------------------------+-----
Unarmed Combat | 3 4 5 6 7 8 10 11 13 | 13.6
Throwing       | 2 4 |  4.5
Shields        | 3 5 6 |  6.8
Fighting       | 3 4 6 |  6.2
Dodging        | |  2.4

Action                     |  1- 3 |  4- 6 |  7- 9 | 10-12 || total
---------------------------+-------+-------+-------+-------++-------
  Melee: Unarmed           |    83 |    93 |   272 |   235 ||   683
  Throw: Boomerang         |       |       |    50 |    55 ||   105
Ability: Lunge             |       |       |    14 |    19 ||    33
         Whirlwind         |       |       |     2 |     4 ||     6
         Wall Jump         |       |       |       |     1 ||     1
    Use: Scroll            |       |     5 |     5 |     1 ||    11
         Potion            |       |       |       |    13 ||    13
   Stab: Sleeping          |     3 |       |     1 |       ||     4
         Distracted        |       |       |     1 |       ||     1
 Armour: Robe              |    31 |    35 |    99 |    83 ||   248
  Dodge: Dodged            |    26 |    29 |    68 |    83 ||   206
  Block: Kite shield       |    26 |    37 |   115 |   145 ||   323
         Reflection        |       |       |    10 |    18 ||    28

Table legend: (Time is in decaauts)
 A = Elapsed time spent in this place.
 B = Non-inter-level travel time spent in this place.
 C = Inter-level travel time spent in this place.
 D = Time resting spent in this place.
 E = Time spent auto-exploring this place.
 F = Levels seen in this place.
 G = Mean time per level.
                   A        B        C        D        E       F      G
               +--------+--------+--------+--------+--------+-----+--------+
         Total |   7319 |   6798 |    521 |    320 |   4833 |  11 |  665.4 |
       Dungeon |   6514 |   6055 |    459 |    308 |   4301 |   9 |  723.8 |
        Temple |    353 |    291 |     62 |      0 |    283 |   1 |  353.0 |
        Bailey |    451 |    451 |      0 |     12 |    249 |   1 |  451.0 |
               +--------+--------+--------+--------+--------+-----+--------+

Top non-repeatable levels by time:
     D:8: 1079 daAuts
     D:5: 962 daAuts
     D:6: 787 daAuts
     D:7: 755 daAuts
     D:4: 724 daAuts
     D:2: 676 daAuts
     D:3: 670 daAuts
     D:1: 589 daAuts
  Bailey: 451 daAuts
  Temple: 353 daAuts
     D:9: 268 daAuts
